 Dungeon Crawl Stone Soup version 0.30.0-5-g1a98f26d00 (webtiles) character file.

Game seed: 17957414377446557254

237338 BubbleThief the Warrior (level 19, -18/195 HPs)
             Began as a Naga Venom Mage on May 10, 2023.
             Was the Champion of Vehumet.
             Killed from afar by an ironbound thunderhulk (29 damage)
             ... with a bolt of lightning
             ... on level 1 of the Vaults.
             The game lasted 01:28:16 (36088 turns).

BubbleThief the Warrior (Naga Venom Mage)          Turns: 36088, Time: 01:28:16

Health: -18/195    AC: 24    Str:  9 (11) XL:     19   Next: 23%
Magic:  20/33      EV: 13    Int: 13      God:    Vehumet [******]
Gold:   1390       SH: 23    Dex: 26      Spells: 22/39 levels left

rFire   + + .        U - +8 long sword of Pinesol {drain, rC+++ rN+ Int-5}
rCold   + + +        W - +2 kite shield {rPois}
rNeg    + . .        P - +2 robe {Will+}
rPois   +            o - +2 helmet {Int+3}
rElec   .            I - +2 cloak
rCorr   .            k - +0 pair of gloves
SInv    +            y - +0 barding
Will    +++..        a - amulet of reflection
Stlth   +++          j - ring of the Traitor {rF++ AC+4}
HPRegen 0.52/turn    i - +6 ring of dexterity
MPRegen 0.23/turn

%: reflection
@: radiating poison, very slow
A: AC +6, large, see invisible, deformed body, poison resistance, slowness 2,
spit poison 1, naga tail 2
}: 2/15 runes: barnacled, gossamer
a: Spit Poison, Renounce Religion


You were on level 1 of the Vaults.
You worshipped Vehumet.
Vehumet was exalted by your worship.
You visited 6 branches of the dungeon, and saw 31 of its levels.
You also visited: Ice Cave.

You collected 3390 gold pieces.
You spent 2000 gold pieces at shops.

Inventory:

Hand Weapons
 l - the +4 scimitar "Killer Klown's Curse" {freeze, rN+}
   (You bought it in a shop on level 2 of the Orcish Mines)

   rN:        It protects you from negative energy.
 U - the +8 long sword of Pinesol (weapon) {drain, rC+++ rN+ Int-5}
   (You found it on level 5 of the Lair of Beasts)

   Int:       It affects your intelligence (-5).
   rC:        It renders you almost immune to cold.
   rN:        It protects you from negative energy.
Missiles
 Z - 3 throwing nets
Armour
 k - a +0 pair of gloves (worn)
 o - a +2 helmet of intelligence (worn)
 s - a +0 kite shield of reflection
 y - a +0 barding (worn)
 C - a scarf of resistance
 G - a +1 robe of cold resistance
 I - a +2 cloak (worn)
 L - +2 acid dragon scales
 P - a +2 robe of willpower (worn)
 W - a +2 kite shield of poison resistance (worn)
Jewellery
 a - an amulet of reflection (around neck)
 c - a ring of positive energy
 i - a +6 ring of dexterity (right hand)
 j - the ring of the Traitor (left hand) {rF++ AC+4}
   (You acquired it on level 8 of the Dungeon)

   [ring of protection]

   AC:        It affects your AC (+4).
   rF:        It greatly protects you from fire.
 w - a ring of resist corrosion
 H - a ring of protection from cold
 Q - the ring "Uwuul" {Ice rCorr}
   (You found it on level 2 of the Shoals)

   [ring of ice]

   It enhances your ice magic.
   rF:        It makes you vulnerable to fire.
   rC:        It protects you from cold.
   rCorr:     It protects you from acid and corrosion.
Wands
 v - a wand of polymorph (7)
 K - a wand of light (8)
Scrolls
 d - 4 scrolls of enchant armour
 e - 4 scrolls of enchant weapon
 r - 8 scrolls of immolation
 t - 7 scrolls of vulnerability
 x - 17 scrolls of identify
 D - 6 scrolls of silence
 E - 17 scrolls of teleportation
 F - 5 scrolls of fear
 J - 8 scrolls of blinking
 N - 6 scrolls of poison
 R - 2 scrolls of butterflies
 V - 2 scrolls of amnesia
 X - 6 scrolls of magic mapping
 Y - 3 scrolls of fog
Potions
 b - 7 potions of magic
 f - 10 potions of attraction
 g - 11 potions of heal wounds
 h - 3 potions of resistance
 m - 6 potions of brilliance
 n - 14 potions of curing
 p - 2 potions of cancellation
 q - 6 potions of might
 u - 7 potions of lignification
 z - 3 potions of haste
 A - 2 potions of invisibility
 B - 11 potions of ambrosia
 M - 5 potions of mutation
 O - 3 potions of berserk rage
 S - 3 potions of flight


   Skills:
 - Level 18.0 Fighting
 + Level 17.2 Long Blades
 - Level 7.5 Dodging
 - Level 3.0 Stealth
 * Level 15.0 Shields
 + Level 10.7 Spellcasting
 - Level 6.0 Transmutations
 + Level 13.1 Poison Magic


You had 22 spell levels left.
You knew the following spells:

 Your Spells              Type           Power      Damage    Failure   Level
a - Sting                 Tmut/Pois      100%       1d8       1%          1
b - Mephitic Cloud        Conj/Pois/Air  18%        N/A       3%          3
c - Olgreb's Toxic Radia  Pois           41%        N/A       1%          4
d - Eringya's Noxious Bo  Tmut/Pois      15%        N/A       17%         6
e - Ignite Poison         Fire/Tmut/Pois 23%        N/A       1%          3

Your spell library contained the following spells:

 Spells                   Type           Power      Damage    Failure   Level
 Fire Storm               Conj/Fire      3%         8d1       100%        9
 Polar Vortex             Ice            3%         N/A       100%        9
 Shatter                  Erth           3%         3d7*      100%        9
 Poisonous Vapours        Pois/Air       48%        N/A       1%          2
 Spider Form              Tmut/Pois      31%        N/A       1%          3
 Kiss of Death            Conj/Necr      28%        2d7       6%          1
 Cigotuvi's Dreadful Rot  Necr/Pois/Air  36%        N/A       6%          2
 Scorch                   Fire           14%        2d5       10%         2
 Alistair's Intoxication  Tmut/Pois      20%        N/A       12%         5
 Dazzling Flash           Conj/Hex       14%        N/A       17%         3
 Inner Flame              Hex/Fire       7%         N/A       17%         3
 Volatile Blastmotes      Fire/Tloc      14%        2d11      17%         3
 Summon Small Mammal      Summ           28%        N/A       22%         1
 Ensorcelled Hibernation  Hex/Ice        14%        N/A       34%         2
 Irradiate                Conj/Tmut      7%         3d14      41%         5
 Blade Hands              Tmut           11%        N/A       45%         5
 Flame Wave               Conj/Fire      7%         2d5       47%         4
 Iskenderun's Mystic Bla  Conj/Tloc      7%         2d4       47%         4
 Sticky Flame             Conj/Fire      7%         2d3       47%         4
 Petrify                  Tmut/Erth      14%        N/A       54%         4
 Call Canine Familiar     Summ           7%         N/A       56%         3
 Confusing Touch          Hex            7%         N/A       56%         3
 Gell's Gravitas          Tloc           7%         N/A       56%         3
 Ozocubu's Armour         Ice            7%         N/A       56%         3
 Summon Guardian Golem    Hex/Summ       7%         N/A       56%         3
 Teleport Other           Tloc           7%         N/A       56%         3
 Freezing Cloud           Conj/Ice/Air   3%         6-21      80%         5
 Lee's Rapid Deconstruct  Erth           3%         3d5*      80%         5
 Anguish                  Hex/Necr       3%         N/A       92%         4
 Animate Dead             Necr           7%         N/A       92%         4
 Dispel Undead            Necr           7%         3d8       92%         4
 Leda's Liquefaction      Hex/Erth       3%         N/A       92%         4
 Passage of Golubria      Tloc           7%         N/A       92%         4
 Borgnjor's Vile Clutch   Necr/Erth      3%         N/A       99%         5
 Metabolic Englaciation   Hex/Ice        3%         N/A       99%         5
 Silence                  Hex/Air        3%         N/A       99%         5
 Death Channel            Necr           3%         N/A       100%        6
 Dispersal                Tloc           3%         N/A       100%        6
 Iron Shot                Conj/Erth      3%         9d2       100%        6
 Simulacrum               Ice/Necr       3%         N/A       100%        6
 Starburst                Conj/Fire      3%         6d3       100%        6
 Statue Form              Tmut/Erth      9%         N/A       100%        6
 Dragon Form              Tmut           11%        N/A       100%        7
 Haunt                    Necr/Summ      3%         N/A       100%        7
 Storm Form               Tmut/Air       7%         N/A       100%        7
 Ignition                 Fire           3%         3d4       100%        8
 Infestation              Necr           3%         N/A       100%        8
 Lehudib's Crystal Spear  Conj/Erth      3%         10d3      100%        8


Dungeon Overview and Level Annotations

Branches:
Dungeon (15/15)            Temple (0/1) D:5            Lair (5/5) D:11
 Shoals (4/4) Lair:2       Spider (4/4) Lair:3        Slime (0/5) Lair:4
    Orc (2/2) D:10            Elf (0/3) Orc:2        Vaults (1/5) D:14
 Depths (0/4) D:15          IceCv (visited)

Altars:
Elyvilon
Gozag
Hepliaklqana
Kikubaaqudgha
Okawaru
Ru
Trog
Uskayaw
Vehumet
Yredelemnul
Zin
The Shining One

Shops:
D:5 [   D:6 !**([   D:12 :   Orc:1 :   Orc:2 ((([(   Shoals:3 *


Innate Abilities, Weirdness & Mutations

Your serpentine skin is tough. (AC +6)
You have supernaturally acute eyesight. (SInv)
Armour fits poorly on your strangely shaped body.
Your system is resistant to poisons. (rPois)
You cover ground very slowly.
You can spit poison.
You can use your snake-like lower body to constrict enemies.


Message History

The ironbound thunderhulk is engulfed in noxious fumes.
Strange energies crackle from the ironbound thunderhulk's apparatus.
The ironbound thunderhulk blinks!
Casting: Olgreb's Toxic Radiance (safe; 1% risk of failure)
Confirm with . or Enter, or press ? or * to list all spells.
Aiming: Mephitic Cloud (mildly dangerous; 3% risk of failure)
Press: ? - help, Shift-Dir - straight line, f/p - ironbound thunderhulk
Aim: an ironbound thunderhulk, wielding a +0 dire flail and wearing a +0 animal skin (heavily wounded, poisoned, chance to affect: 15%)
The ball explodes into a vile cloud!
The stinking cloud engulfs the ironbound thunderhulk but does no damage.
The ironbound thunderhulk is heavily wounded.
The ironbound thunderhulk is engulfed in noxious fumes.
Unknown command.
Aiming: Spit Poison (1% risk of failure)
Press: ? - help, Shift-Dir - straight line, f/p - ironbound thunderhulk
Aim: an ironbound thunderhulk, wielding a +0 dire flail and wearing a +0 animal skin (noxious fumes, severely wounded, poisoned, 77% to hit)
Okay, then.
Casting: Mephitic Cloud (mildly dangerous; 3% risk of failure)
Confirm with . or Enter, or press ? or * to list all spells.
You begin to radiate toxic energy.
The ironbound thunderhulk looks even sicker. x3
The ironbound thunderhulk looks as sick as possible!
The ironbound thunderhulk is engulfed in noxious fumes.
A vault warden comes into view. It is wielding a +3 long sword.
Electricity crackles from the ironbound thunderhulk's apparatus.
The bolt of lightning hits you!!!
* * * LOW HITPOINT WARNING * * *
Casting: Olgreb's Toxic Radiance (safe; 1% risk of failure)
Confirm with . or Enter, or press ? or * to list all spells.
You ignite the poison in your surroundings!
The ironbound thunderhulk seems to burn from within!!!
You kill the ironbound thunderhulk!
Vehumet accepts your kill.
You feel your power returning.
The ironbound thunderhulk seems to burn from within!!!
The ironbound thunderhulk is severely wounded.
The ironbound thunderhulk is poisoned.
The vault warden is poisoned.
Electricity crackles from the ironbound thunderhulk's apparatus.
The bolt of lightning hits you!!
You die...

#### #..# #
###.@# ..#
#...## .. #..##
#.)p#!... ..^###
##☼........ .##
#..###†§##......
...####....O☼☼#
.§...§
#(.##..######
#O....
###....### #..O#
.##..##..# .###


You could see a vault warden (poisoned) and an ironbound thunderhulk (poisoned).

Vanquished Creatures
  Jorgrun (Shoals:1)
  Asterion (Spider:4)
  A kraken (Shoals:2)
  Kirke (D:13)
  Donald (Shoals:1)
  Louise (Shoals:4)
  4 emperor scorpions
  4 ghost moths
  4 broodmothers
  An ironbound thunderhulk (Vaults:1)
  Nessos (D:14)
  3 spark wasps
  A dire elephant (Vaults:1)
  The ghost of Pupilyir the Severer, a journeyman MiBe of Trog (D:11)
  An ettin (Orc:1)
  A merfolk javelineer (Shoals:4)
  5 entropy weavers
  A fire dragon (Lair:5)
  4 merfolk impalers (Shoals:4)
  Fannar (Lair:3)
  2 vault guards (D:14)
  A jorogumo (Spider:4)
  2 ogre magi
  3 hydras
  5 two-headed ogres
  7 merfolk aquamancers
  An alligator snapping turtle (Shoals:3)
  3 satyrs
  9 boulder beetles
  3 merfolk avatars
  8 centaur warriors
  An ironbound frostheart (Vaults:1)
  A catoblepas (Lair:2)
  A radroach (Spider:2)
  8 death yaks
  An orc high priest (Orc:1)
  3 tengu warriors (D:15)
  A deep elf knight (D:14)
  Amaemon (Lair:3)
  Sonja (Lair:1)
  7 skysharks
  4 pharaoh ants
  12 sea snakes
  10 orb spiders
  2 wizards
  4 lindwurms
  6 necromancers
  8 orc knights (Orc:2)
  7 steelbarb worms
  4 wolf spider zombies (Spider:1)
  23 harpies
  8 manticores
  3 orc sorcerers
  A deep elf pyromancer (D:13)
  15 wolf spiders
  6 cyclopes
  An oklob plant (Lair:5)
  18 fauns
  5 elephants (Lair:5)
  6 ugly things
  4 moths of wrath
  10 merfolk sirens
  10 water nymphs
  A guardian serpent (Lair:5)
  15 cane toads
  9 torpor snails
  An orange demon (Lair:3)
  Maggie (D:6)
  4 gargoyles
  8 black mambas
  Psyche (D:8)
  12 demonic crawlers
  8 redback zombies (Spider:1)
  5 rime drakes
  2 unseen horrors (D:11)
  10 komodo dragons
  A tengu conjurer (D:15)
  2 freezing wraiths
  8 trolls
  A polar bear (Lair:3)
  A queen bee (Spider:2)
  7 meliai
  26 merfolk
  8 tyrant leeches
  12 wind drakes
  8 blink frogs (Lair:2)
  14 tarantellas
  10 tarantella zombies (Spider:1)
  2 dream sheep (Shoals:1)
  21 hornets
  9 snapping turtles
  5 culicivora zombies (Spider:1)
  14 jumping spiders
  10 slime creatures
  17 culicivoras
  5 wraiths
  2 centaur simulacra (D:14)
  59 yaks
  11 water elementals
  A shadow (D:5)
  13 wyverns
  19 humans (D:14)
  5 basilisks
  10 vampire mosquitoes
  A death yak simulacrum (IceCv)
  4 hogs (D:13)
  A steam dragon (D:8)
  45 redbacks
  9 wargs
  Edmund (D:5)
  3 acid dragons
  26 water moccasins
  36 orc warriors
  An ice beast (D:6)
  5 black bears
  13 ogres
  15 wolves
  12 centaurs
  2 phantoms
  A kobold brigand (D:8)
  Blork the orc (D:5)
  18 bullfrogs
  A cane toad simulacrum (IceCv)
  A scorpion (D:11)
  9 wights
  A hornet simulacrum (D:14)
  21 killer bees
  An elephant simulacrum (IceCv)
  3 electric eels
  5 howler monkeys
  3 jellies
  4 hounds
  15 orc priests
  A sleepcap (D:5)
  6 iguanas
  26 orc wizards
  6 hell rats (Lair:5)
  A boggart simulacrum (D:14)
  4 gnolls (D:6)
  8 adders
  3 shadow imps (D:6)
  A white imp (D:6)
  6 worms
  A dart slug (D:4)
  77 orcs
  3 ball pythons
  4 endoplasms
  2 giant cockroaches (D:1)
  6 goblins
  7 hobgoblins
  11 jackals
  6 kobolds
  4 quokkas
  2 bats (D:2)
  2 frilled lizards (D:3)
  3 rats
  3 tentacles (Shoals:2)
1103 creatures vanquished.

Vanquished Creatures (others)
  Nikola (Spider:4)
  An ettin (D:15)
  A manticore (Shoals:4)
  8 tentacles (Shoals:2)
11 creatures vanquished.

Grand Total: 1114 creatures vanquished

Notes
Turn   | Place    | Note
-------+----------+-------------------------------------------
     0 | D:1      | BubbleThief the Naga Venom Mage began the quest for the
                  | Orb.
     0 | D:1      | Reached XP level 1. HP: 15/15 MP: 3/3
   493 | D:1      | Reached XP level 2. HP: 22/22 MP: 3/5
   666 | D:2      | Reached XP level 3. HP: 28/28 MP: 1/7
   754 | D:2      | Identified the +6 hand axe of Patience {pain, rPois Stlth+}
   940 | D:2      | Reached skill level 5 in Poison Magic
  1336 | D:3      | Noticed an ogre
  1345 | D:3      | Killed an ogre
  1346 | D:3      | Reached XP level 4. HP: 11/36 MP: 3/9
  1346 | D:3      | Reached XP level 5. HP: 13/42 MP: 3/10
  1350 | D:3      | Learned a level 3 spell: Mephitic Cloud
  1355 | D:3      | Learned a level 4 spell: Olgreb's Toxic Radiance
  1704 | D:3      | Reached XP level 6. HP: 49/49 MP: 7/12
  2232 | D:3      | Found a faded altar of an unknown god.
  2743 | D:4      | Found a hazy altar of Hepliaklqana.
  2957 | D:5      | Entered Level 5 of the Dungeon
  2957 | D:5      | Found Eprea's Armour Shop.
  2974 | D:5      | Found a radiant altar of Vehumet.
  2991 | D:5      | Became a worshipper of Vehumet
  3085 | D:5      | Noticed a water moccasin
  3108 | D:5      | Noticed Edmund
  3121 | D:5      | Killed Edmund
  3122 | D:5      | Reached skill level 5 in Spellcasting
  3122 | D:5      | Reached XP level 7. HP: 55/55 MP: 0/14
  3302 | D:5      | Found a staircase to the Ecumenical Temple.
  3508 | D:5      | Found a sacrificial altar of Ru.
  3543 | D:5      | Noticed a shadow
  3567 | D:6      | Reached skill level 1 in Fighting
  3655 | D:6      | Reached skill level 2 in Fighting
  3666 | D:6      | Found a glowing golden altar of the Shining One.
  3737 | D:6      | Reached * piety under Vehumet
  3737 | D:6      | Offered knowledge of Sandblast by Vehumet.
  3760 | D:6      | Found Becy's Assorted Antiques.
  3765 | D:6      | Bought a scroll labelled ITTUQA SULY for 28 gold pieces
  3765 | D:6      | Bought a glowing dagger for 140 gold pieces
  3765 | D:6      | Bought a murky blue potion for 25 gold pieces
  3765 | D:6      | Bought a scroll labelled ITTUQA SULY for 28 gold pieces
  3890 | D:6      | Found Polonie's Distillery.
  3899 | D:6      | Bought a potion of curing for 45 gold pieces
  3986 | D:7      | Reached XP level 8. HP: 56/68 MP: 11/16
  3996 | D:6      | Reached skill level 3 in Fighting
  4358 | D:7      | Reached skill level 4 in Fighting
  4369 | D:7      | Identified the +6 lajatang "Pendulum" {holy, Str+4}
  4517 | D:7      | Reached skill level 5 in Fighting
  4688 | D:7      | Reached skill level 6 in Fighting
  4727 | D:7      | Offered knowledge of Magic Dart by Vehumet.
  4845 | D:7      | Reached ** piety under Vehumet
  4923 | D:7      | Reached skill level 7 in Fighting
  5095 | D:7      | Reached XP level 9. HP: 78/86 MP: 18/18
  5525 | D:6      | Reached skill level 8 in Fighting
  5726 | D:6      | Found Huklitad's Armour Shop.
  5743 | D:6      | Found a hide-covered altar of Uskayaw.
  5833 | D:6      | Found Hokiel's Weapon Shop.
  5878 | D:6      | Noticed Maggie
  5891 | D:6      | Killed Maggie
  5892 | D:6      | Reached skill level 9 in Fighting
  6144 | D:6      | Found Tetosuha's General Store.
  6255 | D:8      | Found a basalt altar of Yredelemnul.
  6312 | D:8      | Offered knowledge of Hailstorm by Vehumet.
  6373 | D:8      | Noticed Psyche
  6383 | D:8      | Killed Psyche
  6384 | D:8      | Reached skill level 10 in Fighting
  6480 | D:8      | Got the Octavo of the Petrous Figure
  6495 | D:8      | Reached skill level 11 in Fighting
  6495 | D:8      | Reached XP level 10. HP: 104/104 MP: 19/19
  7046 | D:8      | Identified a scroll of acquirement
  7046 | D:8      | Acquired the ring of the Traitor {rF++ AC+4}
  7123 | D:5      | Found a white marble altar of Elyvilon.
  7135 | D:5      | Reached skill level 1 in Long Blades
  7151 | D:5      | Found an ancient bone altar of Kikubaaqudgha.
  7156 | D:5      | Reached *** piety under Vehumet
  7211 | D:5      | Noticed Blork the orc
  7223 | D:5      | Killed Blork the orc
  7376 | D:5      | Found a glowing silver altar of Zin.
  7637 | D:6      | Bought a +1 helmet of intelligence for 214 gold pieces
  8076 | D:9      | Reached skill level 5 in Long Blades
  8083 | D:9      | Offered knowledge of Airstrike by Vehumet.
  8331 | D:10     | Entered Level 10 of the Dungeon
  8478 | D:10     | Found a staircase to the Orcish Mines.
  8555 | D:10     | Noticed a centaur warrior
  8560 | D:10     | Noticed a centaur warrior
  8570 | D:10     | Killed a centaur warrior
  8571 | D:10     | Reached XP level 11. HP: 68/114 MP: 16/20
  8579 | D:10     | Killed a centaur warrior
  8902 | D:10     | Noticed a two-headed ogre
  8913 | D:10     | Killed a two-headed ogre
  9125 | D:10     | Found an opulent altar of Gozag.
  9161 | D:10     | Reached skill level 10 in Long Blades
  9293 | D:10     | Found a bloodstained altar of Trog.
  9480 | D:11     | Noticed a manticore
  9488 | D:11     | Killed a manticore
  9488 | D:11     | Reached **** piety under Vehumet
  9557 | D:11     | Noticed an ogre mage
  9566 | D:11     | Noticed a cyclops
  9566 | D:11     | Noticed Pupilyir's ghost (journeyman MiBe)
  9574 | D:11     | Found a transporter.
  9578 | D:11     | Found a transporter.
  9584 | D:11     | Noticed a centaur warrior
  9594 | D:11     | Noticed a two-headed ogre
  9602 | D:11     | Offered knowledge of Fireball by Vehumet.
  9603 | D:11     | Killed a centaur warrior
  9608 | D:11     | Killed a two-headed ogre
 10026 | D:11     | Found a staircase to the Lair.
 10529 | D:11     | Noticed a two-headed ogre
 10529 | D:11     | Noticed a red ugly thing
 10532 | D:11     | Killed a red ugly thing
 10533 | D:11     | Reached XP level 12. HP: 122/122 MP: 21/21
 10536 | D:11     | Killed a two-headed ogre
 10537 | D:11     | Reached skill level 12 in Fighting
 10644 | Lair:1   | Entered Level 1 of the Lair of Beasts
 10818 | Lair:1   | Noticed Sonja
 10826 | Lair:1   | Killed Sonja
 10839 | Lair:1   | Reached ***** piety under Vehumet
 10842 | Lair:1   | Offered knowledge of Orb of Destruction by Vehumet.
 11068 | Lair:1   | Reached skill level 13 in Fighting
 11355 | Lair:1   | Identified the staff of earth "Neh Tos" {SInv}
 11583 | Lair:2   | Noticed a death yak
 11590 | Lair:2   | Noticed a death yak
 11599 | Lair:2   | Noticed a death yak
 11599 | Lair:2   | Noticed a death yak
 11608 | Lair:1   | Killed a death yak
 11609 | Lair:1   | Killed a death yak
 11835 | Lair:2   | Noticed a skyshark
 11841 | Lair:2   | Killed a death yak
 11845 | Lair:2   | Killed a skyshark
 11845 | Lair:2   | Killed a death yak
 11846 | Lair:2   | Reached skill level 14 in Fighting
 11846 | Lair:2   | Gained mutation: You can use your snake-like lower body to
                  | constrict enemies. [Naga growth]
 11846 | Lair:2   | Reached XP level 13. HP: 102/135 MP: 16/22
 12246 | Lair:2   | Identified the +1 robe of Day {Harm rF- Regen+ Dex+2}
 12688 | Lair:2   | Found a staircase to the Shoals.
 13191 | Lair:3   | Found a hole to the Spider Nest.
 13194 | Lair:3   | Noticed Amaemon
 13202 | Lair:3   | Noticed Fannar
 13209 | Lair:3   | Killed Amaemon
 13220 | Lair:3   | Killed Fannar
 13221 | Lair:3   | Reached skill level 15 in Fighting
 13585 | Lair:3   | Found an opulent altar of Gozag.
 14358 | Orc:1    | Entered Level 1 of the Orcish Mines
 14360 | Orc:1    | Noticed an ettin
 14368 | Orc:1    | Killed an ettin
 14520 | Orc:1    | Found Zeanluph's Book Emporium.
 14766 | Orc:2    | Entered Level 2 of the Orcish Mines
 14766 | Orc:2    | Found Jurota's Weapon Shoppe.
 14783 | Orc:2    | Reached XP level 14. HP: 131/147 MP: 18/26
 15360 | Orc:1    | Bought the Papyrus of Baneful Kindling for 792 gold pieces
 15367 | Orc:1    | Learned a level 6 spell: Eringya's Noxious Bog
 15583 | D:12     | Found a frozen archway.
 15590 | IceCv    | Entered an ice cave
 15628 | IceCv    | Found a transporter.
 15642 | IceCv    | Found a transporter.
 15847 | D:12     | Found Wajatz's Book Emporium.
 17052 | Lair:4   | Found a staircase to the Slime Pits.
 17245 | Lair:5   | Entered Level 5 of the Lair of Beasts
 17515 | Lair:5   | Reached skill level 10 in Poison Magic
 17600 | Lair:5   | Reached skill level 5 in Transmutations
 17612 | Lair:5   | Offered knowledge of Conjure Ball Lightning by Vehumet.
 17653 | Lair:5   | Paralysed by a hornet for 3 turns
 18409 | Lair:5   | Reached skill level 5 in Dodging
 18421 | Lair:5   | Reached skill level 16 in Fighting
 18429 | Lair:5   | Got the Compendium of the Moth
 18635 | Lair:5   | Reached XP level 15. HP: 135/157 MP: 28/28
 18950 | Lair:5   | Identified the +8 long sword of Pinesol {drain, rC+++ rN+
                  | Int-5}
 19357 | Lair:5   | Found a runed translucent door.
 20188 | D:11     | Killed Pupilyir's ghost
 20196 | D:11     | Offered knowledge of Spellforged Servitor by Vehumet.
 20984 | Orc:2    | Found Gemygum's Antique Weapon Boutique.
 20990 | Orc:2    | Reached skill level 15 in Long Blades
 21045 | Orc:2    | Found Aroekoung's Antique Armour Shoppe.
 21087 | Orc:2    | Bought a glowing cloak for 165 gold pieces
 21087 | Orc:2    | Bought a masterwork tower shield for 209 gold pieces
 21087 | Orc:2    | Identified the +0 tower shield "Rygehirr" {rPois MP-9 Str+2
                  | Int+2} (You bought it in a shop on level 2 of the Orcish
                  | Mines)
 21123 | Orc:2    | Found a staircase to the Elven Halls.
 21386 | Orc:2    | Found Qirreor's Antique Weapon Shoppe.
 21386 | Orc:2    | Found Xefodic's Antique Weapon Boutique.
 21473 | Orc:2    | Bought an encrusted scimitar for 324 gold pieces
 21473 | Orc:2    | Identified the +4 scimitar "Killer Klown's Curse" {freeze,
                  | rN+} (You bought it in a shop on level 2 of the Orcish
                  | Mines)
 21632 | D:13     | Found an iron altar of Okawaru.
 21650 | D:13     | Reached skill level 10 in Spellcasting
 22245 | D:13     | Noticed Kirke
 22258 | D:13     | Killed Kirke
 22876 | D:14     | You fall into a shaft and drop 1 floor!
 22876 | D:15     | Entered Level 15 of the Dungeon
 23034 | D:14     | Noticed Nessos
 23122 | D:15     | Reached skill level 1 in Shields
 23472 | D:15     | Reached XP level 16. HP: 118/161 MP: 28/30
 23640 | D:15     | Reached skill level 5 in Shields
 23707 | D:15     | Found a staircase to the Depths.
 23993 | D:15     | Found a sacrificial altar of Ru.
 24273 | D:14     | Killed Nessos
 24379 | D:14     | Offered knowledge of Iskenderun's Battlesphere by Vehumet.
 24510 | D:14     | Reached ****** piety under Vehumet
 24536 | D:14     | Found a gate to the Vaults.
 24834 | Spider:1 | Entered Level 1 of the Spider Nest
 25542 | Spider:1 | Identified the +4 war axe of Fragile Peace {vamp, rF+}
 25548 | Spider:1 | Offered knowledge of Ozocubu's Refrigeration by Vehumet.
 25576 | Spider:1 | Reached skill level 10 in Shields
 26813 | Spider:2 | Reached XP level 17. HP: 175/175 MP: 27/31
 27663 | Spider:3 | Offered knowledge of Arcjolt by Vehumet.
 28116 | Spider:3 | Reached skill level 17 in Fighting
 28911 | Spider:4 | Entered Level 4 of the Spider Nest
 29026 | Spider:4 | Noticed Nikola
 29303 | Shoals:1 | Entered Level 1 of the Shoals
 30060 | Shoals:1 | Noticed Jorgrun
 30072 | Shoals:1 | Killed Jorgrun
 30503 | Shoals:1 | Noticed Donald
 30514 | Shoals:1 | Killed Donald
 30619 | Shoals:2 | Noticed a kraken
 30642 | Shoals:2 | Killed a kraken
 30954 | Shoals:2 | Reached XP level 18. HP: 183/186 MP: 32/32
 30963 | Shoals:2 | Offered knowledge of Maxwell's Capacitive Coupling by
                  | Vehumet.
 31066 | Shoals:2 | Identified the ring "Uwuul" {Ice rCorr}
 31872 | Shoals:3 | Learned a level 3 spell: Ignite Poison
 31973 | Shoals:3 | Found Tedd's CLEARANCE SALE!.
 32119 | Shoals:3 | Bought a scroll of teleportation for 15 gold pieces
 32119 | Shoals:3 | Bought a potion of lignification for 15 gold pieces
 32582 | Shoals:4 | Entered Level 4 of the Shoals
 32694 | Shoals:4 | Reached skill level 18 in Fighting
 32901 | Shoals:4 | Noticed Louise
 32905 | Shoals:4 | Killed Louise
 32943 | Shoals:4 | Found the +6 Majin-Bo {spellvamp, MP+6 Int+6}
 33605 | Shoals:4 | Got a barnacled rune of Zot
 34100 | Spider:4 | Offered knowledge of Fire Storm by Vehumet.
 34100 | Spider:4 | Offered knowledge of Shatter by Vehumet.
 34100 | Spider:4 | Offered knowledge of Polar Vortex by Vehumet.
 34147 | Spider:4 | Noticed Asterion
 34155 | Spider:4 | Killed Asterion
 34449 | Spider:4 | Reached XP level 19. HP: 145/195 MP: 33/33
 35078 | Spider:4 | Got a gossamer rune of Zot
 35455 | Spider:4 | Killed Nikola
 35456 | Spider:4 | Reached skill level 15 in Shields
 35968 | Vaults:1 | Entered Level 1 of the Vaults
 36014 | Vaults:1 | Identified the +8 chain mail "Cuwoox" {rN+ Regen+ Stlth+}
 36083 | Vaults:1 | HP: 5/195 [ironbound thunderhulk/+0 dire flail (25)]
 36088 | Vaults:1 | Killed from afar by an ironbound thunderhulk

Illustrated notes

Levels and vault maps discovered:
D:1:      dpeg_arrival_prison, layout_rooms, minmay_misc_feat_encased
D:2:      layout_loops_ring
D:3:      layout_loops_ring, shapermc_ecumenical_altar_pompeii
D:4:      layout_loops_ring, nicolae_hepliaklqana_hippocampus,
          chequers_serial_rivers_marsh
D:5:      layout_cave_pools, mainiacjoe_overflow_alcove_2,
          mainiacjoe_overflow_large_starburst, nicolae_vehumet_radiance,
          zin_treasury, minmay_temple_entry_glass, serial_shops, shop,
          uniq_blork_the_orc, uniq_edmund
D:6:      wad_crossroads, layout_cave_pools, kennysheep_mini,
          mainiacjoe_overflow_concentric_impassable, serial_shops,
          nicolae_shop_just_a_little_nook, nicolae_shop_industrial_runoff,
          nicolae_shop_window_shopping, nicolae_shop_statue_plus,
          nicolae_shop_rolling_square, uniq_maggie
D:7:      layout_loops_corners, minmay_misc_feat_doors, grunt_ministairs_5
D:8:      layout_basic, mainiacjoe_overflow_boulevard, dk_rats_in_the_wall,
          uniq_psyche
D:9:      layout_basic
D:10:     layout_basic, old_standard_altar, amcnicky_altar_gilded, orc_0_dummy,
          minivault_20
D:11:     layout_basic, due_lair_maze_entry_diamond, nzn_ghost_randoct
D:12:     layout_irregular_city, serial_shops, nicolae_square_shop,
          portal_ice_cave_entry_pillars_1
D:13:     layout_roguey, okawaru_ov_weapons_minmay, uniq_kirke
D:14:     layout_roguey, grunt_vaults_entry_tiered, serial_ice, serial_ice_l,
          serial_ice_o, serial_ice_a, serial_ice_d, minmay_tree_intersection,
          uniq_nessos
D:15:     hangedman_depths_entry_civil_slaughter, layout_long_grid,
          nicolae_ru_the_path_less_chosen
Lair:1:   layout_regular_city, dreamdust_wasp_nest, uniq_sonja
Lair:2:   layout_loops_ring, minmay_shoals_entry_beasts, nzn_sisyphean_effort,
          infiniplex_staircase_pool, serial_bayou_shore_a, grunt_megastairs_4
Lair:3:   layout_loops_ring, hellmonk_spider_entry_not_the_bees, basic_altar,
          beast_lair_carwin_1, uniq_amaemon, uniq_fannar
Lair:4:   layout_concentric_octagons, slime_entry_1
Lair:5:   hangedman_lair_tendril_chambers, layout_regular_city, wormcave,
          minmay_lair_oklob_items
Shoals:1: layout_shoals, nicolae_shoals_water_shrine, uniq_donald, uniq_jorgrun
Shoals:2: layout_shoals, nicolae_shoals_lost_giant_temple
Shoals:3: layout_shoals, nicolae_shop_clearance
Shoals:4: shoals_end_grunt_garden, layout_shoals, uniq_louise
Spider:1: lemuel_spider_zombies
Spider:2: layout_chambers, special_room [special_room_bee]
Spider:3: layout_spider_delve, hangedman_stitches_earthworm
Spider:4: guppyfry_spider_rune, uniq_nikola, uniq_asterion
Orc:1:    layout_diamond_mine, serial_shops, nicolae_shop_crystal
Orc:2:    st_orc_town, layout_caves, serial_shops, nicolae_shop_hallway_stairs,
          minmay_orc_keep
Vaults:1: vaults_mumra_chevron, nicolae_vaults_steering_wheel,
          nicolae_vaults_shrinking_rooms_1, vaults_room_stairs_pillars,
          v_misc_12, vaults_standard_mumra_lines,
          nicolae_vaults_storage_closets_2, st_quartered_hall, v_misc_14,
          v_pattern_3, nicolae_vaults_little_squares_3,
          nicolae_vaults_trapezoid_lopsided_2, layout_vaults_omnibox

Skill      XL: |  1  2  3  4  5  6  7  8  9 10 11 12 13 14 15 16 17 18 19 |
---------------+----------------------------------------------------------+-----
Poison Magic   | 6 7 8 9 10 12 13 | 13.1
Spellcasting   | 3 4 5 6 8 9 10 | 10.7
Fighting       | 2 7 11 14 15 16 17 18 | 18.0
Long Blades    | 8 12 14 15 16 17 | 17.2
Dodging        | 3 5 6 7 |  7.5
Transmutations | 6 |  6.0
Shields        | 4 10 12 14 15 | 15.0
Stealth        | |  3.0

Action                     |  1- 3 |  4- 6 |  7- 9 | 10-12 | 13-15 | 16-18 | 19-21 || total
---------------------------+-------+-------+-------+-------+-------+-------+-------++-------
  Melee: Unarmed           |     2 |       |       |       |       |       |       ||     2
         Hand axe          |     4 |    20 |    47 |       |       |       |       ||    71
         Lajatang          |       |       |    98 |    14 |       |       |       ||   112
         Falchion          |       |       |       |   126 |       |       |       ||   126
         Long sword        |       |       |       |   203 |   782 |  1091 |    98 ||  2174
         Punch             |       |       |       |     4 |    19 |       |       ||    23
         Constrict         |       |       |       |       |   188 |   259 |    16 ||   463
         Short sword       |       |       |       |       |     5 |       |       ||     5
   Cast: Sting             |    28 |    43 |    18 |    12 |     8 |     6 |       ||   115
         Olgreb's Toxic Ra |       |     4 |    25 |    52 |   119 |   119 |    11 ||   330
         Mephitic Cloud    |       |     2 |     4 |    27 |    27 |    22 |     8 ||    90
         Eringya's Noxious |       |       |       |       |    34 |    32 |     2 ||    68
         Ignite Poison     |       |       |       |       |       |    13 |     7 ||    20
Ability: Spit Poison       |    26 |    34 |    18 |    23 |    25 |    22 |     2 ||   150
  Evoke: Wand              |       |       |       |       |     4 |     3 |       ||     7
    Use: Scroll            |       |       |     1 |    16 |    11 |     6 |     1 ||    35
         Potion            |       |       |     1 |     2 |       |     2 |     4 ||     9
   Stab: Sleeping          |       |       |     3 |     1 |     3 |     9 |       ||    16
         Confused          |       |       |     2 |    18 |    24 |    13 |       ||    57
         Petrified         |       |       |       |       |     3 |       |       ||     3
         Invisible         |       |       |       |       |     2 |       |       ||     2
         Distracted        |       |       |       |       |     2 |     1 |       ||     3
         Fleeing           |       |       |       |       |       |       |     1 ||     1
 Armour: Robe              |     2 |     9 |    43 |       |   187 |   468 |    43 ||   752
         Acid dragon scale |       |       |    18 |   220 |    75 |       |       ||   313
  Dodge: Dodged            |     3 |    29 |    96 |   150 |   345 |   447 |    50 ||  1120
  Block: Other             |       |       |       |    10 |   150 |       |       ||   160
         Kite shield       |       |       |       |       |    29 |  1375 |   155 ||  1559
         Reflection        |       |       |       |       |    11 |    61 |       ||    72
         Buckler           |       |       |       |       |    10 |       |       ||    10
